Map: Cerulean Fall LE

Players

Mesrob

  • Race: Terran Terran
  • League: Gold
  • Spawn Location: 1:00

TheThird - Winner!

  • Race: Zerg Zerg
  • League: Platinum
  • Spawn Location: 7:00

VOD

Have the link to the VOD?

Description

Time

  • Played on: Jan. 10, 2019, 8:41 a.m.
  • Length: 11:24
Show
View Real Time Build Order
Export as new Build Order

Mesrob Terran 

Build Orders: Mech 

Get SALT Encoding   

  12  0:01  SCV  
  13  0:13  SCV  
  14  0:18  Supply Depot  
  14  0:25  SCV  
  15  0:39  SCV  
  15  0:42  Barracks  
  16  0:48  Refinery  
  16  0:51  SCV  
  17  1:03  SCV  
  18  1:15  SCV  
  19  1:31  Command Center  
  19  1:32  Marine  
  20  1:44  Orbital Command  
  20  1:55  Bunker  
  20  1:58  Barracks Tech Lab  
  20  2:15  Supply Depot  
  20  2:20  Factory  
  20  2:28  SCV  
  21  2:32  Barracks Tech Lab  
  21  2:40  SCV  
  21  2:42  Refinery  
  22  2:49  Supply Depot  
  22  2:52  SCV  
  23  2:59  Engineering Bay  
  23  3:03  SCV  
  23  3:04  SCV  
  25  3:15  SCV  
  25  3:18  Siege Tank  
  29  3:22  Supply Depot  
  29  3:38  Armory  
  29  3:39  Orbital Command  
  29  3:42  SCV  
  30  3:50  Siege Tank  
  33  4:04  Barracks Tech Lab  
  33  4:08  Factory  
  34  4:10  SCV x2  
  34  4:15  Refinery  
  35  4:26  Refinery  
  35  4:30  Siege Tank  
  38  4:48  Supply Depot, Barracks Reactor  
  38  4:58  Command Center  
  38  5:01  Factory  
  38  5:05  Hellbat x2  
  42  5:13  SCV x2  
  44  5:16  Terran Vehicle Weapons Level 1  
  44  5:34  Supply Depot  
  44  5:36  Missile Turret  
  44  5:40  Barracks Tech Lab  
  44  5:46  Factory  
  44  5:51  Thor  
  50  5:57  Missile Turret  
  50  5:59  Missile Turret  
  50  6:00  SCV x2  
  52  6:09  Supply Depot  
  52  6:18  Missile Turret  
  52  6:22  Barracks Reactor  
  52  6:34  Thor  
  52  6:36  Hellbat  
  52  6:39  Armory  
  60  6:47  Orbital Command  
  60  7:04  Thor  
  60  7:06  Hellbat  
  68  7:17  Factory  
  68  7:27  Barracks Tech Lab, Orbital Command  
  68  7:56  SCV  
  68  7:57  SCV  
  43  8:29  Thor x2  
  43  8:30  Thor  
  43  8:31  Hellbat x3  
  67  8:42  SCV x2  
  69  8:54  SCV  
  69  8:55  Engineering Bay  
  70  9:00  Thor  
  76  9:06  Terran Vehicle And Ship Armor Level 1  
  76  9:18  Supply Depot  
  76  9:19  Factory  
  76  9:25  Hellbat  
  78  9:47  Command Center  
  78  9:51  Sensor Tower  
  78  9:59  Thor  
  78  10:05  Supply Depot  
  84  10:09  Missile Turret  
  57  10:44  Hellbat x4  
Show
View Real Time Build Order
Export as new Build Order

TheThird Zerg - Winner!

Build Orders: Hatch First, Swarm Host 

Get SALT Encoding   

  12  0:02  Drone  
  13  0:10  Drone  
  14  0:17  Overlord  
  15  0:35  Drone x2  
  15  0:36  Drone  
  17  0:54  Hatchery  
  17  0:56  Drone  
  17  1:14  Spawning Pool  
  17  1:16  Extractor, Drone  
  16  1:19  Drone  
  16  1:23  Drone  
  18  1:30  Drone  
  19  1:40  Overlord  
  19  2:06  Zergling x2  
  19  2:07  Zergling x4  
  22  2:11  Queen  
  22  2:12  Extractor  
  22  2:13  Queen  
  22  2:15  Drone  
  26  2:17  Drone  
  27  2:24  Drone  
  27  2:28  Metabolic Boost  
  28  2:33  Drone  
  28  2:34  Drone  
  30  2:38  Overlord  
  30  2:47  Drone  
  31  3:03  Drone x2  
  31  3:04  Drone  
  34  3:09  Overlord  
  34  3:16  Evolution Chamber  
  33  3:24  Drone  
  33  3:25  Drone x6  
  40  3:33  Drone  
  40  3:34  Drone  
  42  3:36  Overlord  
  42  3:40  Evolution Chamber  
  41  3:46  Lair  
  41  3:59  Zergling x6, Roach Warren  
  41  4:02  Drone  
  44  4:06  Extractor  
  44  4:09  Spore Crawler  
  42  4:10  Spore Crawler  
  42  4:15  Spine Crawler  
  40  4:29  Drone x3  
  40  4:31  Drone x3  
  45  4:32  Overlord  
  46  4:43  Zerg Missile Weapons Level 1, Zerg Ground Armor Level 1  
  46  4:49  Overseer  
  46  4:59  Drone  
  48  5:00  Drone x4  
  51  5:12  Roach  
  51  5:13  Roach x4  
  51  5:14  Roach  
  63  5:21  Drone  
  64  5:33  Queen  
  66  5:41  Glial Reconstitution, Hatchery  
  65  5:48  Infestation Pit  
  64  5:52  Roach x2  
  64  5:53  Overlord  
  64  5:54  Overlord  
  68  6:11  Overlord  
  68  6:12  Overlord  
  68  6:16  Hydralisk Den  
  68  6:17  Roach  
  68  6:18  Roach x5  
  79  6:45  Ravager x3  
  82  6:48  Roach x6  
  82  6:49  Roach x3  
  82  6:53  Ravager x3  
  103  7:00  Drone  
  103  7:01  Drone x2  
  102  7:28  Overseer  
  101  7:39  Drone x4  
  101  7:40  Overlord x2  
  101  7:41  Overlord x3  
  105  8:01  Hatchery  
  58  8:32  Roach  
  58  8:33  Roach x11  
  76  8:45  Drone x3  
  79  8:56  Extractor  
  79  8:58  Zerg Ground Armor Level 2, Zerg Missile Weapons Level 2  
  78  9:04  Swarm Host x2  
  78  9:05  Swarm Host  
  87  9:12  Ravager x2  
  89  9:28  Extractor  
  89  9:29  Roach x2  
  89  9:30  Roach x6  
  104  9:40  Ravager, Overlord x2  
  105  9:48  Roach x3  
  111  10:04  Zergling x2  
  111  10:05  Zergling x14  
  111  10:06  Zergling x2, Roach x3  
  111  10:07  Roach x2  
  130  10:14  Swarm Host  
  103  11:10  Ravager x5  
Tags
 
Composition
MechSwarm Host
Matchup
TvZ
Replay Pack
sc2 replays
Spawn Locations
Cross Positions
Add a new tag
Caveats
  • Supply blocks, unpowered buildings, or Contaminate may cause inaccurate times.
  • Supply counts are checked every 10 seconds.